cohdb
Replays
Latest Replays
All Replays
Popular Replays
Top Player Replays
Match Explorer
How It Works
Community
CoH3 Stats
Reddit
Sign in to upload your games and track your stats! →
Sign in with Steam
Match 42639574
Unlisted
Match 42639574
Overview
Messages
Build Orders
End
Vickers Machine Gun Team
Vickers Machine Gun Team
Construct Section Command Post
Infantry Section
ML 3-inch Mortar Team
Construct Platoon Command Post
Infantry Section
Humber Armored Car
Unlock Bishop Self-propelled Artillery
6-pounder Anti-tank Gun Team
Grenade Package
Infantry Training
Infantry Section
Bishop Self-propelled Artillery
Minami Kotori
SxNine
.
KevinTDW
0
0
Comments
sign in to comment!
No comments posted yet!